 Dungeon Crawl Stone Soup version 0.27-a0-34-gc18c9092ac (webtiles) character file.

Game seed: 2294775359659239454

505140 raph the Spry (level 24, -12/220 HPs)
             Began as a Minotaur Gladiator on Jan 2, 2021.
             Was the Champion of Yredelemnul.
             Killed from afar by a tengu reaver (21 damage)
             ... with a bolt of lightning
             ... on level 5 of the Vaults on Jan 4, 2021.
             The game lasted 03:54:08 (82492 turns).

raph the Spry (Minotaur Gladiator)                 Turns: 82492, Time: 03:54:09

Health: -12/220    AC: 32    Str: 23    XL:     24   Next: 14%
Magic:  0/33       EV: 28    Int:  5    God:    Yredelemnul [******]
Gold:   4340       SH:  5    Dex: 24    Spells: 27/30 levels left

rFire    + . .     SeeInvis .   a - +7 lajatang of Order {silver, rMut}
rCold    . . .     Faith    .   (shield currently unavailable)
rNeg     + . .     Spirit   +   S - +6 fire dragon scales
rPois    +         Reflect  +   g - +2 hat of the Bear Spirit {Spirit, +Rage rN+ Will++}
rElec    .         Harm     .   f - +1 cloak {Will+}
rCorr    .         Rampage  .   L - +1 pair of gloves
rMut     +                      M - +2 pair of boots {run}
Will     ++++.                  u - amulet of reflection
Stlth    +++++++...             E - ring of Shadows {Umbra +Inv Stlth+}
HPRegen  0.46/turn              O - ring "Qoutom" {Ice rPois Dex+4}
MPRegen  0.23/turn

@: wreathed by umbra, studying Evocations, quick
A: retaliatory headbutt, horns 2
}: 2/15 runes: barnacled, gossamer
a: Renounce Religion, Evoke Berserk Rage, Evoke Invisibility, Recall Undead
Slaves, Injury Mirror, Animate Dead, Drain Life, Enslave Soul


You were on level 5 of the Vaults.
You worshipped Yredelemnul.
Yredelemnul was exalted by your worship.
You visited 8 branches of the dungeon, and saw 44 of its levels.
You visited the Abyss 3 times.
You visited 1 bazaar.
You also visited: Trove.

You collected 8002 gold pieces.
You spent 3662 gold pieces at shops.

Inventory:

Hand Weapons
 a - the +7 lajatang of Order (weapon) {silver, rMut}
   (You found it on level 1 of the Lair of Beasts)

   It protects you from mutation.
 b - a +6 vorpal longbow
 y - a +3 lajatang of speed
 J - a +3 spectral quarterstaff
Missiles
 p - 3 throwing nets
 r - 1698 arrows
Armour
 c - a +2 hat
 f - a +1 cloak of willpower (worn)
 g - the +2 hat of the Bear Spirit (worn) {Spirit, +Rage rN+ Will++}
   (You found it on level 3 of the Elven Halls)

   It protects you from negative energy.
   It affects your willpower, your defense against some magical effects.
   It lets you go berserk.
 o - the +0 pair of boots of Negation {rC+}
   (You found it on level 3 of the Elven Halls)

   It protects you from cold.
 L - a +1 pair of gloves (worn)
 M - a +2 pair of boots of running (worn)
 S - +6 fire dragon scales (worn)
Jewellery
 u - an amulet of reflection (around neck)
 E - the ring of Shadows (left hand) {Umbra +Inv Stlth+}
   (You found it on level 3 of the Lair of Beasts)

   [ring of stealth]

   It lets you turn invisible.
   It makes you more stealthy.
 O - the ring "Qoutom" (right hand) {Ice rPois Dex+4}
   (You found it on level 3 of the Vaults)

   [ring of ice]

   It enhances your ice magic.
   It affects your dexterity (+4).
   It makes you vulnerable to fire.
   It protects you from cold.
   It protects you from poison.
Wands
 s - a wand of acid (17)
 A - a wand of digging (43)
 G - a wand of flame (82)
 K - a wand of iceblast (53)
 N - a wand of disintegration (65)
Scrolls
 d - 24 scrolls of identify
 e - 6 scrolls of fog
 m - 17 scrolls of teleportation
 w - 7 scrolls of amnesia
 B - a scroll of silence
 C - 19 scrolls of remove curse
 D - a scroll of summoning
 T - 8 scrolls of magic mapping
 W - 3 scrolls of blinking
 X - 3 scrolls of fear
Potions
 h - 5 potions of flight
 i - 3 potions of mutation
 l - 10 potions of brilliance
 n - 7 potions of haste
 q - 7 potions of magic
 t - 6 potions of heal wounds
 x - 3 potions of might
 z - 7 potions of berserk rage
 F - 2 potions of invisibility
 H - 2 potions of cancellation
 I - 6 potions of ambrosia
 Q - 18 potions of curing
 Z - 4 potions of resistance
Books
 j - a manual of Evocations
Miscellaneous
 P - a phantom mirror
 U - a lightning rod (4/4) (quivered)
 V - a condenser vane
 Y - a phial of floods


   Skills:
 + Level 18.9 Fighting
 + Level 20.3 Staves
 - Level 20.0 Bows
 - Level 2.0 Throwing
 + Level 18.1 Armour
 + Level 20.4 Dodging
 - Level 8.6 Stealth
 - Level 3.5 Spellcasting
 - Level 3.9 Translocations
 + Level 15.6 Invocations
 - Level 9.0 Evocations


You had 27 spell levels left.
You knew the following spells:

 Your Spells              Type           Power        Failure   Level
a - Blink                 Tloc           N/A          24%         2
b - Apportation           Tloc           8%           16%         1

Your spell library contained the following spells:

 Spells                   Type           Power        Failure   Level
 Gell's Gravitas          Tloc           2%           43%         3
 Lesser Beckoning         Tloc           2%           43%         3
 Corona                   Hex            0%           61%         1
 Foxfire                  Conj/Fire      0%           61%         1
 Magic Dart               Conj           0%           61%         1
 Sandblast                Erth           0%           61%         1
 Sting                    Tmut/Pois      0%           61%         1
 Portal Projectile        Hex/Tloc       4%           71%         3
 Call Imp                 Summ           0%           75%         2
 Corpse Rot               Necr/Air       N/A          75%         2
 Ensorcelled Hibernation  Hex/Ice        2%           75%         2
 Passwall                 Tmut/Erth      0%           75%         2
 Searing Ray              Conj           0%           75%         2
 Slow                     Hex            0%           75%         2
 Sublimation of Blood     Necr           0%           75%         2
 Swiftness                Air            0%           75%         2
 Passage of Golubria      Tloc           N/A          83%         4
 Confusing Touch          Hex            0%           93%         3
 Conjure Flame            Conj/Fire      0%           93%         3
 Dazzling Flash           Conj/Hex       0%           93%         3
 Ignite Poison            Fire/Tmut/Pois 0%           93%         3
 Inner Flame              Hex/Fire       0%           93%         3
 Mephitic Cloud           Conj/Pois/Air  0%           93%         3
 Ozocubu's Armour         Ice            1%           93%         3
 Static Discharge         Conj/Air       0%           93%         3
 Stone Arrow              Conj/Erth      0%           93%         3
 Tukima's Dance           Hex            0%           93%         3
 Iskenderun's Mystic Bla  Conj/Tloc      2%           98%         4
 Cause Fear               Hex            0%           100%        4
 Dispel Undead            Necr           0%           100%        4
 Fulminant Prism          Conj/Hex       0%           100%        4
 Leda's Liquefaction      Hex/Erth       0%           100%        4
 Olgreb's Toxic Radiance  Pois           0%           100%        4
 Petrify                  Tmut/Erth      0%           100%        4
 Summon Lightning Spire   Summ/Air       0%           100%        4
 Agony                    Necr           0%           100%        5
 Alistair's Intoxication  Tmut/Pois      0%           100%        5
 Bolt of Magma            Conj/Fire/Erth 0%           100%        5
 Excruciating Wounds      Necr           0%           100%        5
 Fireball                 Conj/Fire      0%           100%        5
 Irradiate                Conj/Tmut      0%           100%        5
 Iskenderun's Battlesphe  Conj           0%           100%        5
 Lee's Rapid Deconstruct  Erth           0%           100%        5
 Lightning Bolt           Conj/Air       0%           100%        5
 Metabolic Englaciation   Hex/Ice        0%           100%        5
 Silence                  Hex/Air        0%           100%        5
 Yara's Violent Unravell  Hex/Tmut       0%           100%        5
 Conjure Ball Lightning   Conj/Air       0%           100%        6
 Eringya's Noxious Bog    Tmut/Pois      0%           100%        6
 Hydra Form               Tmut           0%           100%        6
 Invisibility             Hex            0%           100%        6
 Iron Shot                Conj/Erth      0%           100%        6
 Starburst                Conj/Fire      0%           100%        6
 Statue Form              Tmut/Erth      0%           100%        6
 Dragon Form              Tmut           0%           100%        7
 Orb of Destruction       Conj           0%           100%        7
 Spellforged Servitor     Conj/Summ      0%           100%        7
 Ignition                 Fire           0%           100%        8
 Dragon's Call            Summ           0%           100%        9
 Shatter                  Erth           0%           100%        9
 Tornado                  Air            0%           100%        9


Dungeon Overview and Level Annotations

Branches:
Dungeon (15/15)            Temple (0/1) D:4            Lair (6/6) D:9
 Shoals (4/4) Lair:2       Spider (4/4) Lair:3        Slime (0/5) Lair:6
    Orc (2/2) D:12            Elf (3/3) Orc:2        Vaults (5/5) D:13
  Crypt (0/3) Vaults:2     Depths (5/5) D:15            Zot (0/5) Depths:5

Altars:
Ashenzari
Dithmenos
Elyvilon
Fedhas
Gozag
Kikubaaqudgha
Makhleb
Okawaru
Qazlal
Sif Muna
Trog
Vehumet
Xom
Yredelemnul
Zin
The Shining One
Beogh
Lugonu

Shops:
D:4 *   D:6 :   D:7 [*[[}   D:9 *   Orc:1 =   Orc:2 *::([   Elf:1 (===*
Vaults:1 :   Vaults:2 (=??   Vaults:3 [   Vaults:4 :

Portals:
Hell: Lair:6 Depths:1 Depths:2 Depths:3 Depths:4 Depths:5
Abyss: Depths:4
Pandemonium: Depths:3 Depths:4 Depths:5
Ziggurat: Depths:2

Annotations:
Shoals:2 3 exclusions
Shoals:4 Bai Suzhen
Depths:1 6 runed translucent doors


Innate Abilities, Weirdness & Mutations

You reflexively headbutt those who attack you in melee.
You have a pair of horns on your head.


Message History

* * * LOW HITPOINT WARNING * * *
The stone giant throws a large rock.
The large rock barely misses you.
The large rock hits the yaktaur captain!!
The ancient lich casts a spell at you. The crystal spear misses you.
There is a stone staircase leading up, spattered with blood here.
Things that are here:
a +0 great sword; a +0 plate armour The harpy changes into a hornet!
The ancient lich points at you and mumbles some strange words.
The crystal spear misses you.
The yaktaur captain unwields a +0 arbalest.
The yaktaur captain hits you!
* * * LOW HITPOINT WARNING * * *
The yaktaur shoots a bolt.
The bolt hits you!!
* * * LOW HITPOINT WARNING * * *
The tengu reaver casts a spell at you. The bolt of lightning hits you!!
You die...
Your body rises from the dead as a mindless zombie.

.# ..# #..#....#
#..#....# . ###..#....#
.# ....#....#...
..)....)....
##############y.).p)).##
p.(ยง..e..)p...pCC<<)....
C..Z.W....pDOW)Q@.)<....
...........)c))C.c<)....
.......(......L)c.))....
##############.(.......#
.... ..)........ ....
...#....)..# )#.#
##..#....#.## .
#..#....#.# ... #.. ....#


You could see a shadow dragon (soul bound), an ironheart preserver, a titan, an
ancient lich (fast), a stone giant, a tengu reaver (soul bound), a yaktaur
captain, an ettin (soul bound), a vault sentinel, an ironbrand convoker (soul
bound), 2 yaktaurs, a freezing wraith, a necromancer (strong), a hornet shaped
shifter and an ogre (soul bound).

Vanquished Creatures
  Boris (Vaults:5)
  An ancient lich (Depths:4)
  A caustic shrike (Depths:3)
  3 golden dragons
  A bone dragon (Abyss:3)
  4 tentacled monstrosities
  A lich (Vaults:5)
  3 titans
  4 deep elf blademasters
  2 quicksilver dragons
  2 deep elf master archers (Elf:3)
  2 krakens (Shoals:2)
  2 tentacled starspawn
  Kirke (Spider:4)
  6 sphinxes
  4 tengu reavers
  Frances (Elf:1)
  The ghost of bmj180 the Eclecticist, an adept DECj of Vehumet (Elf:2)
  3 shadow dragons
  2 storm dragons
  An iron dragon (Depths:4)
  9 deep elf sorcerers
  8 fire giants
  A draconian scorcher (Depths:5)
  2 ghost moths
  4 emperor scorpions (Spider:4)
  4 vault wardens
  A frost giant (Vaults:3)
  A ghoul (Vaults:5)
  An angel (Abyss:3)
  Louise (Spider:1)
  6 deep elf elementalists
  A war gargoyle (Vaults:5)
  7 ironheart preservers
  7 very ugly things
  5 deep elf demonologists
  11 stone giants
  A starcursed mass (Abyss:3)
  A purple draconian (Depths:5)
  2 entropy weavers
  11 deep elf annihilators
  A lorocyproca (Abyss:3)
  7 spark wasps
  3 merfolk javelineers
  5 fire dragons
  A jiangshi (Depths:4)
  6 merfolk impalers
  10 ettins
  6 deep elf death magi
  4 deep elf high priests (Elf:3)
  8 great orbs of eyes
  7 yaktaur captains
  7 ice dragons
  2 rakshasas
  20 vault guards
  10 hydras
  Harold (Lair:2)
  6 boulder beetles
  7 centaur warriors
  2 merfolk avatars (Shoals:1)
  5 ogre magi
  17 two-headed ogres
  17 dancing weapons
  2 satyrs (Shoals:4)
  An alligator snapping turtle (Shoals:1)
  4 tengu warriors
  4 orc high priests
  12 deep troll shamans
  A death yak (Shoals:4)
  4 deep troll earth magi
  Sonja (D:10)
  A titan zombie (Depths:2)
  2 thrashing horrors (Abyss:3)
  3 spriggan berserkers
  15 deep elf knights
  2 skeletal warriors
  A wretched star (Abyss:4)
  6 iron trolls
  3 hell knights
  2 fire crabs (shapeshifter)
  A shadow wraith (Vaults:3)
  4 spatial maelstroms (Abyss:4)
  4 unseen horrors
  A sixfirhy (Lair:6)
  6 sea snakes
  14 deep trolls
  An orange crystal statue (Vaults:2)
  3 flayed ghosts
  A phantasmal warrior (Vaults:5)
  A glowing orange brain (Abyss:4)
  2 wizards
  7 deep elf archers
  2 necromancers
  7 orc knights
  A lindwurm (Lair:6)
  9 ironbrand convokers
  37 deep elf magi
  4 harpies (Shoals:1)
  48 ugly things
  22 wolf spiders
  A salamander (Depths:4)
  10 orb spiders
  9 fauns
  4 cyclopes
  A worldbinder (Abyss:3)
  5 orc sorcerers
  A moth of wrath (Spider:3)
  12 manticores
  2 oklob plants
  4 merfolk sirens
  7 black mambas
  Joseph (D:10)
  3 water nymphs
  2 gargoyles (D:14)
  10 cane toads
  13 elephants
  3 orange demons
  3 smoke demons
  An apocalypse crab (Abyss:4)
  2 molten gargoyles (D:14)
  A guardian serpent (Abyss:3)
  A cane toad (shapeshifter) (D:14)
  Maggie (D:6)
  6 vault sentinels
  35 yaktaurs
  2 freezing wraiths (Vaults:4)
  An ice devil (Abyss:3)
  7 rime drakes (Lair:6)
  18 komodo dragons
  2 tengu conjurers (Depths:1)
  2 efreet
  2 demonic crawlers
  A komodo dragon (shapeshifter) (D:13)
  A queen bee (shapeshifter) (Vaults:1)
  7 trolls
  4 ancient zymes
  A merfolk (shapeshifter) (Depths:2)
  A queen bee (Depths:4)
  3 red devils
  11 merfolk
  A spriggan zombie (Depths:1)
  22 jumping spiders
  3 saltlings (Vaults:1)
  7 hornets
  21 blink frogs
  A wind drake (Shoals:2)
  7 large abominations
  17 slime creatures
  11 raiju (Abyss:4)
  A raiju (shapeshifter) (Vaults:1)
  4 dream sheep (Lair:6)
  A stone giant simulacrum (Depths:2)
  5 snapping turtles
  3 shadows
  38 redbacks
  22 tarantellas
  12 water elementals
  An air elemental (Elf:1)
  An ice dragon skeleton (Abyss:4)
  A ynoxinul (Abyss:4)
  2 vampires (D:14)
  7 wyverns
  A wraith (D:13)
  35 yaks
  A basilisk (shapeshifter) (Vaults:4)
  3 fire elementals
  5 basilisks
  3 neqoxecs
  2 vampire mosquitoes
  4 wargs
  2 soldier ants (shapeshifter)
  A spatial vortex (Abyss:4)
  An acid dragon (shapeshifter) (Abyss:4)
  3 acid dragons
  2 soldier ants
  24 water moccasins
  2 hell hounds (Lair:6)
  A floating eye (Depths:3)
  A tengu skeleton (Depths:2)
  5 black bears
  A sky beast (D:8)
  25 orc warriors
  7 ice beasts
  6 phantoms
  4 necrophages
  A black bear (shapeshifter) (Depths:4)
  11 centaurs
  6 boggarts
  21 ogres
  21 wolves
  An elf skeleton (Vaults:5)
  21 bullfrogs
  2 big kobolds (D:11)
  2 wyvern zombies
  5 small abominations
  An earth elemental (Elf:1)
  16 scorpions
  30 killer bees
  A wight (D:10)
  6 howler monkeys
  3 electric eels
  7 centaur zombies
  4 hounds
  2 quasits (Abyss:4)
  2 bullfrog zombies
  12 orc priests
  Crazy Yiuf (D:6)
  4 jellies
  3 centaur skeletons
  20 orc wizards
  2 bullfrog skeletons
  4 iron imps (D:9)
  7 iguanas
  11 hell rats
  13 worker ants
  A hound zombie (D:5)
  2 hound skeletons (D:11)
  3 worker ant zombies
  A howler monkey zombie (D:6)
  7 gnolls (D:2)
  7 adders
  4 shadow imps
  2 white imps
  An ufetubus (D:4)
  An ooze (D:2)
  An adder zombie (D:9)
  2 adder skeletons
  3 worms
  4 dart slugs
  3 leopard geckos (D:10)
  62 orcs
  A ball python (D:1)
  6 giant cockroaches
  8 goblins
  7 hobgoblins
  4 jackals (D:7)
  7 quokkas
  11 bats
  3 frilled lizards
  A giant cockroach zombie (D:5)
  18 kobolds
  A leopard gecko skeleton (D:6)
  A quokka zombie (D:5)
  8 rats
  A rat skeleton (Orc:2)
  4 tentacles (Shoals:2)
1474 creatures vanquished.

Vanquished Creatures (collateral kills)
  Frederick (Vaults:4)
  4 caustic shrikes
  5 golden dragons
  2 bone dragons (Depths:5)
  6 tentacled monstrosities
  3 liches
  Jorgrun (Spider:2)
  Asterion (Depths:2)
  Polyphemus (Shoals:4)
  A quicksilver dragon (Vaults:5)
  8 tengu reavers
  3 sphinxes
  5 storm dragons
  Donald (Shoals:1)
  4 shadow dragons
  5 fire giants
  An iron dragon (Depths:5)
  2 ghost moths (Spider:4)
  6 frost giants
  A deep elf sorcerer (Vaults:3)
  3 emperor scorpions
  8 vault wardens
  2 draconian stormcallers (Depths:5)
  4 very ugly things
  6 ironheart preservers
  2 vampire knights
  12 stone giants
  4 deep elf demonologists
  A purple draconian (Depths:5)
  A white draconian (Depths:5)
  4 spark wasps
  6 ettins
  A jiangshi (Depths:4)
  3 merfolk javelineers (Shoals:4)
  4 merfolk impalers
  A crystal guardian (Vaults:3)
  7 fire dragons
  8 yaktaur captains
  4 great orbs of eyes
  10 vault guards
  A rakshasa (D:15)
  2 boulder beetles
  8 ice dragons
  A deep elf high priest (Elf:1)
  A merfolk avatar (Shoals:4)
  3 satyrs
  A catoblepas (Shoals:4)
  18 two-headed ogres
  2 death knights (Vaults:5)
  10 centaur warriors
  7 ogre magi
  2 alligator snapping turtles
  6 dancing weapons
  3 merfolk aquamancers
  3 deep troll shamans
  2 death yaks (Shoals:4)
  4 tengu warriors (Depths:4)
  Urug (Orc:2)
  A vampire mage (Depths:4)
  A thrashing horror (Abyss:3)
  9 deep troll earth magi
  A shock serpent (shapeshifter) (Depths:4)
  An orc high priest (Orc:2)
  5 deep elf knights
  A skeletal warrior (Vaults:5)
  A salamander mystic (Depths:4)
  3 iron trolls
  A shadow wraith (Vaults:5)
  2 hell knights
  A golden dragon zombie (Depths:1)
  A torturous demonspawn (Depths:3)
  4 wizards
  9 sea snakes
  8 deep trolls
  A storm dragon skeleton (Vaults:5)
  3 unseen horrors
  13 ironbrand convokers
  6 deep elf archers
  A glowing orange brain (Depths:5)
  A golden dragon skeleton (Vaults:5)
  3 necromancers
  8 orc knights
  3 phantasmal warriors
  4 harpies
  7 orb spiders
  29 ugly things
  2 human zombies
  16 deep elf magi
  22 wolf spiders
  2 shining eyes (shapeshifter)
  A cyclops (Vaults:2)
  5 manticores
  11 fauns
  2 moths of wrath
  An elephant (Lair:3)
  4 merfolk sirens
  2 salamanders (Depths:4)
  7 water nymphs
  A manticore (shapeshifter) (Elf:1)
  2 smoke demons
  A frost giant skeleton (Vaults:5)
  A rust devil (Depths:3)
  3 molten gargoyles (D:14)
  8 vault sentinels
  A guardian serpent (shapeshifter) (Depths:4)
  An orange demon (Lair:6)
  A cane toad (Lair:2)
  23 yaktaurs
  4 freezing wraiths
  A rime drake (Lair:6)
  2 tormentors
  3 ice devils (Lair:6)
  3 demonic crawlers
  A jumping spider (shapeshifter) (Depths:4)
  2 tengu conjurers
  An ancient zyme (Abyss:3)
  20 merfolk
  13 jumping spiders
  A hydra skeleton (Abyss:3)
  4 hornets
  4 wind drakes
  A wind drake (shapeshifter) (Depths:1)
  2 blink frogs (Lair:1)
  A spriggan zombie (Depths:1)
  A raiju (shapeshifter) (Depths:2)
  A raiju (Abyss:4)
  4 snapping turtles
  5 slime creatures (Vaults:2)
  2 dream sheep (Lair:6)
  A fire dragon skeleton (Depths:1)
  An ettin skeleton (Vaults:2)
  A ynoxinul (Abyss:4)
  17 tarantellas
  A wraith (Vaults:5)
  A vampire (D:13)
  26 redbacks
  9 water elementals
  A human simulacrum (Vaults:3)
  2 basilisks
  A chaos spawn (Abyss:3)
  7 yaks
  3 vampire mosquitoes (D:14)
  5 wargs
  3 water moccasins (Lair:6)
  2 hell hounds (Lair:6)
  A black bear (shapeshifter) (Vaults:2)
  A black bear (D:12)
  8 orc warriors
  16 ogres
  10 boggarts
  2 wolves
  9 centaurs
  4 bullfrogs
  2 small abominations (Abyss:3)
  An earth elemental (Elf:2)
  3 human skeletons (Vaults:2)
  20 scorpions (Spider:1)
  6 killer bees
  An electric eel (Spider:4)
  8 orc priests
  A redback zombie (Spider:1)
  A wolf spider zombie (Spider:1)
  A bullfrog skeleton (D:12)
  An iguana (D:14)
  11 orc wizards
  A white imp (D:10)
  A leopard gecko (D:11)
  29 orcs
  A bat (D:14)
  A crawling corpse (Vaults:5)
  5 plants
  3 tentacles (Shoals:2)
777 creatures vanquished.

Vanquished Creatures (others)
  3 bone dragons
  4 profane servitors
  A fire giant (Depths:4)
  A frost giant (Depths:4)
  A very ugly thing (Depths:2)
  A spectral rakshasa (Depths:5)
  A spectral orc (Vaults:3)
  11 ghouls
  17 vampire knights
  A red draconian (Depths:5)
  An ettin (Depths:4)
  A jiangshi (Depths:4)
  A spectral guardian serpent (Spider:1)
  A two-headed ogre (Depths:3)
  A deep troll shaman (Depths:4)
  A spatial maelstrom (Abyss:4)
  7 skeletal warriors
  6 flayed ghosts
  12 phantasmal warriors
  A will-o-the-wisp (Abyss:4)
  An ugly thing (Depths:2)
  A yaktaur (Vaults:3)
  A red devil (Abyss:4)
  A raiju (shapeshifter) (Vaults:4)
  A blink frog (Abyss:4)
  A redback (Spider:4)
  5 flying skulls
  2 water elementals (Depths:4)
  12 vampires
  6 humans (Spider:4)
  7 golden eyes (Abyss:4)
  3 wraiths
  A spatial vortex (Abyss:4)
  A large abomination (Abyss:4)
  A floating eye (Depths:4)
  4 very ugly thing zombies (Depths:2)
  A spark wasp zombie (Depths:3)
  28 ugly thing zombies
  A wight (Lair:3)
  A ghost moth zombie (Spider:4)
  A storm dragon zombie (Depths:4)
  A killer bee (D:10)
  A sphinx zombie (Depths:2)
  5 wolf spider zombies
  A hound (D:5)
  15 redback zombies
  3 tengu zombies
  2 death yak zombies (Shoals:4)
  5 fire giant zombies
  4 stone giant zombies (Depths:2)
  A jelly (D:10)
  A worker ant (D:5)
  3 sea snake zombies (Shoals:4)
  2 iron troll zombies (Depths:1)
  2 cyclops zombies
  3 ettin zombies
  2 hydra zombies
  An ice dragon zombie (Depths:4)
  An emperor scorpion zombie (Spider:4)
  2 ghoul skeletons (Vaults:5)
  9 tarantella zombies
  2 ugly thing skeletons (D:15)
  6 jumping spider zombies
  2 blink frog skeletons (Lair:3)
  A demonic crawler zombie (Spider:4)
  2 mummies
  2 wind drake zombies
  9 deep troll zombies
  A lindwurm zombie (Lair:6)
  A spriggan zombie (Depths:5)
  4 two-headed ogre zombies
  2 adders (D:5)
  A faun skeleton (Shoals:2)
  4 faun zombies
  2 fire dragon zombies
  5 merfolk zombies
  4 harpy zombies (Shoals:1)
  4 human skeletons
  A black mamba zombie (Lair:6)
  4 snapping turtle zombies
  2 ufetubi (D:5)
  2 hornet zombies
  3 blink frog zombies (Lair:3)
  3 dream sheep zombies (Lair:6)
  5 elephant zombies
  40 elf zombies
  29 human zombies
  4 manticore zombies
  A queen bee zombie (Depths:4)
  3 raiju zombies (Abyss:4)
  2 warg zombies
  2 water nymph zombies (Shoals:4)
  4 orb spider zombies
  2 rime drake zombies (Lair:6)
  A yak skeleton (Orc:2)
  5 yaktaur skeletons
  10 yaktaur zombies
  2 leopard geckos (D:5)
  6 orcs
  A basilisk zombie (D:15)
  4 bat zombies (D:14)
  A black bear zombie (Lair:3)
  12 ogre zombies
  2 troll zombies
  A bat (D:14)
  3 bullfrog zombies
  2 centaur zombies
  An electric eel zombie (Spider:3)
  A howler monkey zombie (D:11)
  6 iguana zombies
  6 killer bee zombies
  3 kobold zombies (D:11)
  An ogre skeleton (Vaults:2)
  32 orc zombies
  2 quokka zombies
  7 rat skeletons (Orc:2)
  8 scorpion zombies (Spider:1)
  A water moccasin zombie (Lair:6)
  8 wolf zombies
  7 yak zombies
  17 foxfires (Abyss:4)
  68 fungi
  A lurking horror (Abyss:4)
  228 plants
  2 starspawn tentacles (Abyss:4)
  14 tentacles (Shoals:2)
  4 toadstools (Depths:1)
843 creatures vanquished.

Grand Total: 3094 creatures vanquished

Notes
Turn   | Place    | Note
-------+----------+-------------------------------------------
     0 | D:1      | raph the Minotaur Gladiator began the quest for the Orb.
     0 | D:1      | Reached XP level 1. HP: 18/18 MP: 0/0
   219 | D:1      | Reached XP level 2. HP: 22/25 MP: 1/1
   925 | D:1      | Reached skill level 5 in Staves
  1047 | D:2      | Reached XP level 3. HP: 21/30 MP: 2/2
  1056 | D:2      | Reached XP level 4. HP: 5/37 MP: 3/3
  2697 | D:3      | Found a radiant altar of Vehumet.
  2728 | D:3      | Found a white marble altar of Elyvilon.
  2735 | D:3      | Reached XP level 5. HP: 42/42 MP: 4/4
  3244 | D:4      | Found a blossoming altar of Fedhas.
  3502 | D:4      | Learned a level 2 spell: Blink
  3518 | D:4      | Found Peloirid's Assorted Antiques.
  3526 | D:4      | Bought a cloak for 112 gold pieces
  3526 | D:4      | Bought a black potion for 22 gold pieces
  3706 | D:4      | Reached XP level 6. HP: 7/50 MP: 5/5
  4020 | D:4      | Found a basalt altar of Yredelemnul.
  4025 | D:4      | Became a worshipper of Yredelemnul the Dark
  4400 | D:4      | Found a staircase to the Ecumenical Temple.
  4505 | D:5      | Entered Level 5 of the Dungeon
  4519 | D:5      | Got a brightly glowing ring mail
  4530 | D:5      | Identified the +4 ring mail of Pomontats {rPois Regen+}
                  | (You found it on level 5 of the Dungeon)
  4605 | D:5      | Noticed an ice beast
  4609 | D:5      | Reached XP level 7. HP: 39/56 MP: 6/6
  4627 | D:4      | Reached skill level 10 in Staves
  4937 | D:4      | Bought a transparent bronze ring for 125 gold pieces
  4937 | D:4      | Identified the ring "Fomuogro" {*Tele *Slow +Blink Dex+2
                  | Stlth+} (You bought it in a shop on level 4 of the Dungeon)
  4984 | D:5      | Reached XP level 8. HP: 32/62 MP: 7/7
  5545 | D:5      | Found a shimmering altar of Xom.
  5663 | D:5      | Found an iron altar of Okawaru.
  5814 | D:6      | Reached * piety under Yredelemnul
  5864 | D:6      | Found a runed translucent door.
  5864 | D:6      | You fall into a shaft and drop 1 floor!
  5888 | D:7      | Found Qoisasol's Assorted Antiques.
  5906 | D:7      | Reached skill level 1 in Invocations
  5942 | D:7      | Bought a scroll of identify for 58 gold pieces
  5965 | D:7      | Found Jismat's Antique Armour Emporium.
  5968 | D:7      | Got a fabulously ornate robe
  5979 | D:7      | Identified the +2 robe "Ifoo" {rElec rN++ Regen+} (You
                  | found it on level 7 of the Dungeon)
  6029 | D:7      | Found Vegrarr's Armour Shop.
  6112 | D:7      | Noticed a brown ugly thing
  6117 | D:6      | Noticed Maggie
  6143 | D:6      | Killed Maggie
  6144 | D:6      | Reached XP level 9. HP: 20/68 MP: 10/10
  6536 | D:6      | Found Xaxiugecvo's Book Shop.
  6727 | D:6      | Got a twisted spear
  6728 | D:6      | Identified the +4 spear of Broken Luck {vorpal, +Inv} (You
                  | found it on level 6 of the Dungeon)
  7132 | D:6      | Noticed Crazy Yiuf
  7138 | D:6      | Killed Crazy Yiuf
  7178 | D:7      | Found Taexuw's Antique Armour Boutique.
  7183 | D:7      | Bought an ancient cloak for 209 gold pieces
  7193 | D:7      | Identified the -5 cloak "Ehoatoyn" {Regen+} (You bought it
                  | in a shop on level 7 of the Dungeon)
  7351 | D:7      | Found Qoytt's Gadget Emporium.
  7443 | D:7      | Found an ancient bone altar of Kikubaaqudgha.
  7477 | D:7      | Reached ** piety under Yredelemnul
  7579 | D:7      | Killed a brown ugly thing
  7580 | D:7      | Reached skill level 5 in Invocations
  7668 | D:8      | Found a shadowy altar of Dithmenos.
  7668 | D:8      | Found an opulent altar of Gozag.
  7668 | D:8      | Found a bloodstained altar of Trog.
  7894 | D:8      | Got a glittering tin ring
  7896 | D:8      | Identified the ring "Gulyr" {rN+++ Str-3 SInv} (You found
                  | it on level 8 of the Dungeon)
  8019 | D:8      | Found a stormy altar of Qazlal.
  8221 | D:9      | Found Uliyl's Assorted Antiques.
  8231 | D:9      | Bought a scroll of identify for 48 gold pieces
  8231 | D:9      | Bought a scroll labelled COLUTZ XATI for 24 gold pieces
  8292 | D:9      | Noticed a rust devil
  8292 | D:9      | Noticed a red devil
  8292 | D:9      | Noticed a red devil
  8293 | D:9      | Noticed a hell beast
  8293 | D:9      | Found a corrupted altar of Lugonu.
  8294 | D:9      | Noticed an orange demon
  8319 | D:9      | Killed a red devil
  8320 | D:9      | Reached XP level 10. HP: 42/77 MP: 11/14
  8531 | D:9      | Reached skill level 5 in Dodging
  8718 | D:9      | Found a staircase to the Lair.
  8748 | D:9      | Noticed a two-headed ogre
  8750 | D:9      | Reached skill level 5 in Fighting
  8761 | D:9      | Killed a two-headed ogre
  9305 | D:9      | Found a shimmering blue altar of Sif Muna.
  9399 | Lair:1   | Entered Level 1 of the Lair of Beasts
  9401 | Lair:1   | Noticed a cane toad
  9416 | Lair:1   | Killed a cane toad
  9417 | Lair:1   | Reached skill level 1 in Evocations
  9540 | Lair:1   | Found the +7 lajatang of Order {silver, rMut}
  9558 | Lair:1   | Noticed a cane toad
  9567 | Lair:1   | Killed a cane toad
  9638 | Lair:1   | Reached *** piety under Yredelemnul
  9639 | Lair:1   | Reached XP level 11. HP: 90/90 MP: 16/16
  9661 | Lair:1   | Received a gift from Yredelemnul (2 flying skulls)
  9712 | Lair:1   | Reached skill level 1 in Armour
  9887 | Lair:1   | Received a gift from Yredelemnul (a mummy)
 10301 | Lair:1   | Received a gift from Yredelemnul (a wraith)
 10302 | Lair:1   | Reached skill level 10 in Dodging
 10839 | Lair:2   | Noticed an eight-headed hydra
 10852 | Lair:2   | Killed an 11-headed hydra
 10855 | Lair:2   | Reached skill level 1 in Bows
 11000 | Lair:2   | Reached skill level 5 in Armour
 11024 | Lair:2   | Noticed a seven-headed hydra
 11035 | Lair:2   | Killed an 11-headed hydra
 11362 | Lair:2   | Noticed Harold
 11381 | Lair:2   | Killed Harold
 11382 | Lair:2   | Reached XP level 12. HP: 91/103 MP: 17/17
 11512 | Lair:2   | Noticed a six-headed hydra
 11519 | Lair:2   | Killed an 11-headed hydra
 11557 | Lair:2   | Found a staircase to the Shoals.
 11988 | Lair:2   | Reached **** piety under Yredelemnul
 12031 | Lair:2   | Received a gift from Yredelemnul (a mummy)
 12040 | Lair:2   | Found the +8 whip "Snakebite" {curare, rPois}
 12292 | Lair:3   | Noticed a boulder beetle
 12303 | Lair:3   | Killed a boulder beetle
 12411 | Lair:3   | Noticed an eight-headed hydra
 12422 | Lair:3   | Killed an eight-headed hydra
 12422 | Lair:3   | Received a gift from Yredelemnul (a wight)
 12825 | Lair:3   | Reached skill level 5 in Bows
 13139 | Lair:3   | Found the ring of Shadows {Umbra +Inv Stlth+}
 13279 | Lair:3   | Found a hole to the Spider Nest.
 14160 | Lair:4   | Reached skill level 10 in Fighting
 14160 | Lair:4   | Reached XP level 13. HP: 113/113 MP: 19/19
 15336 | Lair:5   | You fall into a shaft and drop 1 floor!
 15336 | Lair:6   | Entered Level 6 of the Lair of Beasts
 15731 | Lair:5   | Reached skill level 10 in Invocations
 16182 | D:10     | Entered Level 10 of the Dungeon
 16410 | D:10     | Noticed Joseph
 16416 | D:10     | Killed Joseph
 16491 | D:10     | Reached ***** piety under Yredelemnul
 16533 | D:10     | Received a gift from Yredelemnul (a vampire)
 16559 | D:10     | Noticed Sonja
 16573 | D:10     | Killed Sonja
 16678 | D:10     | Noticed a fire giant
 16690 | D:10     | Killed a fire giant
 16691 | D:10     | Your ally Joseph died
 17082 | D:10     | Noticed a stone giant
 17094 | D:10     | Killed a stone giant
 17546 | D:11     | Found a portal to a secret trove of treasure.
 17685 | D:11     | Noticed an ettin
 17781 | D:11     | Received a gift from Yredelemnul (a wraith)
 17785 | D:11     | You fall into a shaft and drop 1 floor!
 17785 | D:12     | Found a white marble altar of Elyvilon.
 17891 | D:12     | Identified a scroll of acquirement
 17891 | D:12     | Acquired a +1 pair of boots of running
 17913 | D:12     | Reached XP level 14. HP: 99/124 MP: 20/20
 18258 | D:12     | Received a gift from Yredelemnul (a phantasmal warrior)
 18850 | D:12     | Received a gift from Yredelemnul (a vampire)
 18869 | D:12     | Found a staircase to the Orcish Mines.
 19299 | Orc:1    | Entered Level 1 of the Orcish Mines
 19337 | Orc:1    | Received a gift from Yredelemnul (3 flying skulls)
 19580 | Orc:1    | Found Rebe Fips's Jewellery Shop.
 20085 | Orc:2    | Entered Level 2 of the Orcish Mines
 20124 | Orc:2    | Noticed Urug
 20127 | Orc:2    | Received a gift from Yredelemnul (a vampire)
 20135 | Orc:2    | Killed Urug
 20498 | Orc:2    | Found Duesuane's Assorted Antiques.
 20508 | Orc:2    | Found a staircase to the Elven Halls.
 20578 | Orc:2    | Found a roughly hewn altar of Beogh.
 20705 | Orc:2    | Reached skill level 5 in Evocations
 20706 | Orc:2    | Received a gift from Yredelemnul (a skeletal warrior)
 20908 | Orc:2    | Found Plog's Book Shoppe.
 20908 | Orc:2    | Found Puuth's Armour Boutique.
 20911 | Orc:2    | Found Luom's Book Shoppe.
 20911 | Orc:2    | Found Bisunoukk's Weapon Boutique.
 21028 | Orc:2    | Upgraded the game from 0.27-a0-13-g87abb2d9eb to
                  | 0.27-a0-29-g2d0a2396b0
 21091 | Orc:2    | Bought a manual of Evocations for 1545 gold pieces
 21392 | Shoals:1 | Entered Level 1 of the Shoals
 21650 | Shoals:1 | Reached skill level 10 in Armour
 22067 | Shoals:1 | Reached skill level 1 in Stealth
 22070 | Shoals:1 | Received a gift from Yredelemnul (a skeletal warrior)
 22343 | Shoals:1 | Noticed Donald
 22350 | Shoals:1 | Killed Donald
 22386 | Shoals:1 | Received a gift from Yredelemnul (a wraith)
 22736 | Shoals:1 | Reached skill level 15 in Dodging
 22836 | Shoals:1 | Found a glowing silver altar of Zin.
 23029 | Shoals:2 | Received a gift from Yredelemnul (a skeletal warrior)
 23693 | Shoals:2 | Reached XP level 15. HP: 114/132 MP: 21/21
 24633 | Shoals:2 | Received a gift from Yredelemnul (a vampire knight)
 24637 | Shoals:2 | Noticed a kraken
 24637 | Shoals:2 | Noticed a kraken
 24651 | Shoals:2 | Killed a kraken
 24663 | Shoals:2 | Noticed a kraken
 24663 | Shoals:2 | Noticed a kraken
 24664 | Shoals:2 | Killed a kraken
 25012 | Shoals:2 | Reached skill level 5 in Stealth
 26914 | Shoals:3 | Noticed Aizul
 26926 | Shoals:3 | Killed Aizul
 26926 | Shoals:3 | Enslaved Aizul
 27504 | Spider:1 | Entered Level 1 of the Spider Nest
 27542 | Spider:1 | Received a gift from Yredelemnul (a vampire knight)
 27547 | Spider:1 | Identified Sif Muna's Grimoire of Frigorific Toxins
 27563 | Spider:1 | Reached skill level 10 in Bows
 27571 | Spider:1 | Killed a ghost moth
 27998 | Spider:1 | Reached ****** piety under Yredelemnul
 28121 | Spider:1 | Received a gift from Yredelemnul (a vampire knight)
 28169 | Spider:1 | Noticed Louise
 28184 | Spider:1 | Killed Louise
 28453 | Spider:1 | Your ally Aizul died
 28482 | Spider:1 | Received a gift from Yredelemnul (a vampire knight)
 29208 | Orc:1    | Bought an uncursed amulet of regeneration for 420 gold
                  | pieces
 29742 | Spider:2 | Noticed Jorgrun
 29752 | Spider:2 | You fall into a shaft and drop 1 floor!
 29934 | Spider:2 | Received a gift from Yredelemnul (a flayed ghost)
 29939 | Spider:2 | Killed Jorgrun
 29940 | Spider:2 | Reached XP level 16. HP: 138/139 MP: 22/22
 29960 | Spider:2 | Received a gift from Yredelemnul (a profane servitor)
 30682 | Spider:2 | Received a gift from Yredelemnul (a profane servitor)
 31852 | Spider:3 | Received a gift from Yredelemnul (a vampire)
 32651 | Lair:6   | Received a gift from Yredelemnul (a ghoul)
 32851 | Lair:6   | Received a gift from Yredelemnul (a ghoul)
 32853 | Lair:6   | Found a staircase to the Slime Pits.
 33487 | Lair:6   | Found a burning altar of Makhleb.
 33608 | Lair:6   | Found a gateway to Hell.
 33669 | Lair:6   | Received a gift from Yredelemnul (a vampire knight)
 34155 | D:11     | Received a gift from Yredelemnul (a vampire knight)
 35670 | D:13     | Received a gift from Yredelemnul (a vampire knight)
 35888 | D:13     | Found a gate to the Vaults.
 36342 | D:14     | Reached skill level 15 in Staves
 36359 | D:14     | Received a gift from Yredelemnul (a ghoul)
 37082 | D:15     | Entered Level 15 of the Dungeon
 37381 | D:15     | Reached XP level 17. HP: 148/148 MP: 21/23
 37392 | D:15     | Received a gift from Yredelemnul (a vampire)
 37993 | D:15     | Received a gift from Yredelemnul (a vampire)
 38257 | D:15     | Received a gift from Yredelemnul (a ghoul)
 38366 | D:15     | Found a staircase to the Depths.
 38921 | D:11     | You paid a toll of 16 scrolls of teleportation to enter a
                  | treasure trove
 38922 | Trove    | Entered a treasure trove
 38977 | Trove    | Got a crude platinum ring
 38979 | Trove    | Identified the ring "Veoseuwk" {Wiz rN++ Str-2 Int+6} (You
                  | found it in a treasure trove)
 39240 | Shoals:4 | Entered Level 4 of the Shoals
 39257 | Shoals:4 | Noticed Polyphemus
 39264 | Shoals:4 | Killed Polyphemus
 39337 | Shoals:4 | Received a gift from Yredelemnul (a profane servitor)
 39765 | Shoals:4 | Received a gift from Yredelemnul (a phantasmal warrior)
 40068 | Shoals:4 | Noticed Bai Suzhen
 40563 | Shoals:4 | Your ally Polyphemus died
 40860 | Shoals:4 | Got a barnacled rune of Zot
 41372 | D:15     | Received a gift from Yredelemnul (a vampire)
 41485 | Vaults:1 | Entered Level 1 of the Vaults
 41959 | Vaults:1 | Reached skill level 1 in Spellcasting
 41959 | Vaults:1 | Reached skill level 1 in Translocations
 41967 | Vaults:1 | Received a gift from Yredelemnul (a flayed ghost)
 42108 | Vaults:1 | Found Ejetim's Book Shoppe.
 42746 | Vaults:1 | Received a gift from Yredelemnul (a vampire knight)
 42987 | Vaults:1 | Reached XP level 18. HP: 156/158 MP: 24/24
 43213 | Vaults:2 | Found Jurueng's Magic Scroll Boutique.
 43232 | Vaults:2 | Found a flickering gateway to a bazaar.
 43238 | Bazaar   | Entered a bazaar
 43262 | Bazaar   | Found Obimnow's Assorted Antiques.
 43266 | Bazaar   | Bought a scroll labelled LUFEPLA FEDEV for 25 gold pieces
 43299 | Bazaar   | Found Weonin's Magic Scroll Shoppe.
 43306 | Bazaar   | Bought a scroll of blinking for 67 gold pieces
 43308 | Bazaar   | Found Oqazur's Gadget Shop.
 43322 | Bazaar   | Found Lemn's Distillery.
 43326 | Bazaar   | Bought a potion of haste for 130 gold pieces
 43326 | Bazaar   | Bought a potion of haste for 130 gold pieces
 43337 | Bazaar   | Found Ufrisaug's Weapon Shop.
 43456 | Bazaar   | Bought an encrusted leather armour for 175 gold pieces
 43466 | Bazaar   | Identified the +0 leather armour "Hero's Friend" {Int+2}
                  | (You bought it in a shop in a bazaar)
 43619 | Vaults:2 | Received a gift from Yredelemnul (a skeletal warrior)
 43971 | Vaults:2 | Received a gift from Yredelemnul (a ghoul)
 44096 | Vaults:2 | Bought a scroll of enchant armour for 142 gold pieces
 44096 | Vaults:2 | Bought a scroll of enchant armour for 142 gold pieces
 44210 | Vaults:2 | Found Curgh's Jewellery Shop.
 44261 | Vaults:2 | Reached skill level 15 in Bows
 44295 | Vaults:2 | You fall into a shaft and drop 2 floors!
 44380 | Vaults:3 | Received a gift from Yredelemnul (a phantasmal warrior)
 45117 | Vaults:2 | Cast into level 3 of the Abyss (a deep elf sorcerer)
 45186 | Abyss:3  | Received a gift from Yredelemnul (a phantasmal warrior)
 45268 | Abyss:3  | Noticed a bone dragon
 45382 | Abyss:3  | Received a gift from Yredelemnul (a vampire knight)
 45403 | Abyss:3  | Killed a bone dragon
 45535 | Abyss:3  | Received a gift from Yredelemnul (a skeletal warrior)
 45544 | Vaults:2 | Escaped the Abyss
 45972 | Vaults:2 | Found Oqog Ynt's Magic Scroll Emporium.
 46002 | Vaults:2 | Received a gift from Yredelemnul (a vampire)
 46055 | Vaults:2 | Received a gift from Yredelemnul (a vampire knight)
 46387 | Vaults:2 | Found a staircase to the Crypt.
 46387 | Vaults:2 | Found a basalt altar of Yredelemnul.
 46387 | Vaults:2 | Found an ancient bone altar of Kikubaaqudgha.
 46421 | Vaults:2 | Noticed Saint Roka
 46437 | Vaults:2 | Killed Saint Roka
 46437 | Vaults:2 | Enslaved Saint Roka
 46840 | Vaults:2 | Found Nimmua's Antique Weapon Shop.
 47367 | Vaults:3 | Found a transporter.
 47406 | Vaults:3 | Found a transporter.
 47474 | Vaults:3 | Cast into level 2 of the Abyss (a deep elf sorcerer)
 47474 | Abyss:2  | Found a corrupted altar of Lugonu.
 47524 | Vaults:3 | Escaped the Abyss
 47526 | Vaults:3 | Received a gift from Yredelemnul (a vampire knight)
 47834 | Vaults:3 | Paralysed by a great orb of eyes for 3 turns
 47981 | Vaults:3 | Reached XP level 19. HP: 161/167 MP: 26/26
 48191 | Vaults:3 | Found Denaqone's Antique Armour Shop.
 48199 | Vaults:3 | Bought an embroidered scarf for 288 gold pieces
 48483 | Vaults:3 | Received a gift from Yredelemnul (a skeletal warrior)
 49555 | Vaults:3 | Received a gift from Yredelemnul (a phantasmal warrior)
 50521 | Vaults:4 | Noticed Frederick
 50537 | Vaults:4 | Killed Frederick
 50936 | Vaults:4 | Found Asutsadgh's Book Shoppe.
 51065 | Vaults:4 | Received a gift from Yredelemnul (a ghoul)
 51352 | Vaults:4 | Received a gift from Yredelemnul (a vampire knight)
 52586 | Vaults:4 | Received a gift from Yredelemnul (a vampire knight)
 52902 | Vaults:3 | Your ally Saint Roka died
 53346 | Vaults:3 | Received a gift from Yredelemnul (a vampire)
 53359 | Vaults:3 | Got a fine silver ring
 53370 | Vaults:3 | Identified the ring of Qual {*Corrode +Fly rF+ Dex+6} (You
                  | found it on level 3 of the Vaults)
 53418 | Vaults:3 | Identified the ring "Qoutom" {Ice rPois Dex+4} (You found
                  | it on level 3 of the Vaults)
 53773 | Elf:1    | Entered Level 1 of the Elven Halls
 53959 | Elf:1    | Found Gemmu's Jewellery Shoppe.
 53962 | Elf:1    | Found Maaweh's Jewellery Shoppe.
 53964 | Elf:1    | Found Nolyduot's Jewellery Boutique.
 53977 | Elf:1    | Found Sisoh's General Store.
 54393 | Elf:1    | Noticed Frances
 54405 | Elf:1    | Killed Frances
 54405 | Elf:1    | Received a gift from Yredelemnul (a phantasmal warrior)
 54496 | Elf:1    | Received a gift from Yredelemnul (a bone dragon)
 54517 | Elf:1    | Identified the +4 whip "Qiabriof" {venom, SInv}
 54522 | Elf:1    | Received a gift from Yredelemnul (a vampire knight)
 54523 | Elf:1    | Found a runed translucent gate.
 54523 | Elf:1    | Found a runed translucent gate.
 54523 | Elf:1    | Found a runed translucent gate.
 54523 | Elf:1    | Found a runed translucent gate.
 54523 | Elf:1    | Found a runed translucent gate.
 54524 | Elf:1    | Found a runed translucent gate.
 55085 | Elf:1    | Found Hudalip's Weapon Shoppe.
 55249 | Elf:2    | Reached skill level 15 in Fighting
 55250 | Elf:2    | Received a gift from Yredelemnul (a ghoul)
 55633 | Elf:2    | Received a gift from Yredelemnul (a vampire knight)
 55634 | Elf:2    | Reached XP level 20. HP: 139/178 MP: 21/28
 55936 | Elf:2    | Received a gift from Yredelemnul (a flayed ghost)
 56179 | Elf:2    | Found a runed translucent door.
 56182 | Elf:2    | Noticed bmj180's ghost (adept DECj)
 56192 | Elf:2    | Killed bmj180's ghost
 56451 | Elf:2    | Found a runed translucent gate.
 56451 | Elf:2    | Found a runed translucent gate.
 56452 | Elf:2    | Found a runed translucent gate.
 56706 | Elf:2    | Received a gift from Yredelemnul (a vampire knight)
 57392 | Elf:2    | Received a gift from Yredelemnul (a skeletal warrior)
 57936 | Spider:4 | Entered Level 4 of the Spider Nest
 57938 | Spider:4 | Noticed Kirke
 57965 | Spider:4 | Killed Kirke
 58290 | Spider:4 | Received a gift from Yredelemnul (a bone dragon)
 58856 | Spider:4 | Received a gift from Yredelemnul (a vampire)
 59513 | Spider:4 | Got a gossamer rune of Zot
 60077 | Depths:1 | Entered Level 1 of the Depths
 61065 | D:15     | Received a gift from Yredelemnul (a vampire knight)
 61947 | Depths:1 | Received a gift from Yredelemnul (a phantasmal warrior)
 61971 | Depths:1 | Found a broken altar of Ashenzari.
 62880 | Depths:1 | Found a runed translucent gate.
 62880 | Depths:1 | Found a runed translucent gate.
 62880 | Depths:1 | Found a runed translucent gate.
 62880 | Depths:1 | Found a runed translucent gate.
 62880 | Depths:1 | Found a runed translucent gate.
 62880 | Depths:1 | Found a runed translucent gate.
 62881 | Depths:1 | Found the +2 Maxwell's thermic engine {flame, freeze}
 63413 | Depths:1 | Received a gift from Yredelemnul (a ghoul)
 63772 | Depths:1 | Reached skill level 15 in Armour
 64426 | Depths:2 | Reached XP level 21. HP: 187/187 MP: 29/29
 64652 | Depths:2 | Noticed Asterion
 64681 | Depths:2 | Killed Asterion
 64684 | Depths:2 | Received a gift from Yredelemnul (a phantasmal warrior)
 65090 | Depths:2 | Found a glowing golden altar of the Shining One.
 65308 | Depths:2 | Found a gateway to a ziggurat.
 65543 | Depths:2 | Noticed a golden dragon
 65552 | Depths:2 | Killed a golden dragon
 66394 | Depths:2 | Received a gift from Yredelemnul (a vampire knight)
 66673 | Depths:2 | Upgraded the game from 0.27-a0-29-g2d0a2396b0 to
                  | 0.27-a0-34-gc18c9092ac
 66704 | Depths:3 | Received a gift from Yredelemnul (a phantasmal warrior)
 66718 | Depths:3 | Received a gift from Yredelemnul (a bone dragon)
 67177 | Depths:3 | Received a gift from Yredelemnul (a profane servitor)
 67299 | Depths:3 | Received a gift from Yredelemnul (a ghoul)
 67855 | Depths:3 | Noticed Mara
 67866 | Depths:3 | Killed Mara
 67866 | Depths:3 | Enslaved Mara
 68096 | Depths:3 | Found a one-way gate leading to the halls of Pandemonium.
 68640 | Depths:3 | Noticed a caustic shrike
 68649 | Depths:3 | Killed a caustic shrike
 69543 | Depths:3 | Noticed a caustic shrike
 69551 | Depths:3 | Killed a caustic shrike
 69650 | Depths:3 | Reached XP level 22. HP: 179/198 MP: 31/31
 69694 | Depths:3 | Noticed a golden dragon
 69699 | Depths:3 | Killed a golden dragon
 69971 | Depths:4 | Received a gift from Yredelemnul (a vampire)
 70353 | Depths:4 | Paralysed by a floating eye for 3 turns
 70619 | Depths:4 | Noticed a golden dragon
 70637 | Depths:4 | Killed a golden dragon
 70638 | Depths:4 | Received a gift from Yredelemnul (a phantasmal warrior)
 70642 | Depths:4 | Cast into level 4 of the Abyss (a lich)
 70642 | Abyss:4  | Found a corrupted altar of Lugonu.
 70822 | Abyss:4  | Paralysed by accursed screaming for 2 turns
 71378 | Abyss:4  | Received a gift from Yredelemnul (a ghoul)
 71620 | Abyss:5  | Entered Level 5 of the Abyss
 71620 | Abyss:5  | Found a corrupted altar of Lugonu.
 71647 | Depths:4 | Escaped the Abyss
 71669 | Depths:4 | Received a gift from Yredelemnul (a ghoul)
 71724 | Depths:4 | Killed a golden dragon
 71865 | Depths:4 | Found a one-way gate to the infinite horrors of the Abyss.
 71882 | Depths:4 | Learned a level 1 spell: Apportation
 71930 | Depths:4 | Noticed an ancient lich
 71936 | Depths:4 | Killed an ancient lich
 72374 | Depths:4 | Received a gift from Yredelemnul (a vampire)
 72501 | Depths:4 | Identified the +6 hand axe of Inwegg {holy, rElec Will++}
 73065 | Depths:4 | Received a gift from Yredelemnul (a flayed ghost)
 73417 | Depths:5 | Entered Level 5 of the Depths
 73420 | Depths:5 | Noticed a caustic shrike
 73422 | Depths:5 | Noticed a caustic shrike
 73422 | Depths:5 | Noticed a caustic shrike
 73739 | Depths:4 | Killed a caustic shrike
 73741 | Depths:4 | Killed a caustic shrike
 73819 | Depths:5 | Killed a caustic shrike
 74001 | Depths:5 | Found a bloodstained altar of Trog.
 74209 | Depths:5 | Noticed a golden dragon
 74220 | Depths:5 | Noticed a golden dragon
 74220 | Depths:5 | Killed a golden dragon
 74229 | Depths:5 | Killed a golden dragon
 74575 | Depths:5 | Noticed a golden dragon
 74576 | Depths:5 | Reached XP level 23. HP: 194/207 MP: 32/32
 74583 | Depths:5 | Your ally Mara died
 74586 | Depths:5 | Found a gate to the Realm of Zot.
 74590 | Depths:5 | Received a gift from Yredelemnul (a profane servitor)
 76801 | Elf:3    | Entered Level 3 of the Elven Halls
 78484 | Elf:3    | Received a gift from Yredelemnul (a flayed ghost)
 79925 | Elf:3    | Reached skill level 15 in Invocations
 81058 | Elf:3    | Found the +2 hat of the Bear Spirit {Spirit, +Rage rN+
                  | Will++}
 81085 | Elf:3    | Got a pair of glimmering boots
 81096 | Elf:3    | Identified the cursed +0 pair of boots of Negation {rC+}
                  | (You found it on level 3 of the Elven Halls)
 81216 | Elf:3    | Found the brooch of Shielding {Spirit SH+8}
 81517 | Elf:3    | Identified the cursed +0 leather armour of the Gloaming
                  | {Dex+4} (You found it on level 3 of the Elven Halls)
 82287 | Vaults:5 | Entered Level 5 of the Vaults
 82304 | Vaults:5 | Received a gift from Yredelemnul (a phantasmal warrior)
 82329 | Vaults:5 | Noticed Boris
 82338 | Vaults:5 | Received a gift from Yredelemnul (a phantasmal warrior)
 82346 | Vaults:5 | Killed Boris
 82385 | Vaults:5 | Received a gift from Yredelemnul (a ghoul)
 82402 | Vaults:5 | Received a gift from Yredelemnul (a flayed ghost)
 82425 | Vaults:5 | Reached XP level 24. HP: 134/218 MP: 3/33
 82485 | Vaults:5 | Noticed an ancient lich
 82492 | Vaults:5 | HP: 9/220 [yaktaur/bolt[a yaktaur captain] (26)]
 82492 | Vaults:5 | Killed from afar by a tengu reaver

Illustrated notes

Levels and vault maps discovered:
D:1:      mrwooster_arrival_statue_3, layout_basic
D:2:      layout_basic, hangedman_decor_growths, ebering_dispersal_statue_hall
D:3:      layout_basic, elyvilon_altar_5, vehumet_crystals,
          hangedman_decor_opposing
D:4:      layout_loops_cross, fedhas_altar_2, lemuel_doored_altar,
          temple_fountains, serial_shops, nicolae_shop_crystal
D:5:      layout_basic, marbit_many_paths, xom_confusion_cloud
D:6:      layout_basic, serial_shops, shop_fountains, uniq_crazy_yiuf_cottage,
          uniq_maggie
D:7:      layout_rooms, overflow_temple_1_default, serial_shops, shop, shop,
          nicolae_shop_trees, shop_coins, kennysheep_little_box
D:8:      layout_rooms, chequers_temple_overflow_statue_of_worship, basic_altar
D:9:      layout_long_grid, kennysheep_mini, minmay_lair_entry_grove,
          serial_shops, nicolae_shop_stone, lemuel_hellish_altar
D:10:     nzn_winding_woodlands_large [nzn_winding_woodlands_5x5_perimeter,
          nzn_winding_woodlands_5x15_river_crossing,
          nzn_winding_woodlands_5x5_checkerboard,
          nzn_winding_woodlands_center_garden,
          nzn_winding_woodlands_15x15_boxy_spiral,
          nzn_winding_woodlands_center_diamonds,
          nzn_winding_woodlands_hourglass,
          nzn_winding_woodlands_5x15_concentric,
          nzn_winding_woodlands_5x5_three], layout_basic, uniq_sonja,
          uniq_joseph
D:11:     layout_gridville, nicolae_trove_entry_free_sample,
          kennysheep_island_fort
D:12:     layout_stronghold, david_orc_1_choice, basic_altar,
          chequers_serial_rivers_room_a
D:13:     layout_grid_maze, david_vaults_4
D:14:     cheibrodos_statue_roulette, layout_rooms,
          chequers_serial_rivers_marsh, hangedman_batty
D:15:     grunt_enter_depths_snipers, layout_loops_corners, kennysheep_doodads,
          serial_aquarium, aquarium_bridge_long_separate
          [aquarium_subvault_wall, aquarium_subvault_bridge,
          aquarium_subvault_window, aquarium_subvault_bridge,
          aquarium_subvault_wall, aquarium_subvault_bridge], aquarium_window_1,
          aquarium_window_1, aquarium_window_1, aquarium_window_2,
          aquarium_view_2f, aquarium_balcony_3a, aquarium_pool_2
Lair:1:   beast_lair_carwin_large_3, layout_loops_ring, grunt_megastairs_1
Lair:2:   minmay_guarded_unrand_snakebite, layout_loops_ring,
          minmay_shoals_entry_hut, serial_bayou_pond_b, uniq_harold
Lair:3:   layout_layer_cave, spider_nest_entry_funnel_web
Lair:4:   layout_gridlike, serial_bayou_pond_c, infiniplex_staircase_pool_2
Lair:5:   layout_long_grid, serial_rivers, chequers_serial_rivers_small_a,
          chequers_serial_rivers_room_b, chequers_serial_rivers_micro_c,
          chequers_serial_rivers_large_a, chequers_serial_rivers_small_3,
          chequers_serial_rivers_micro_a
Lair:6:   evil_forest, layout_gridlike, slime_dummy, st_stairs_13,
          serial_bayou_shore_a
Shoals:1: cheibrodos_shoals_roost, layout_shoals, lemuel_centaur_altar,
          uniq_donald
Shoals:2: cheibrodos_shoals_epimethial_gifts, layout_shoals,
          nicolae_shoals_kraken_party
Shoals:3: layout_shoals, uniq_aizul
Shoals:4: shoals_end_simple, layout_shoals, uniq_polyphemus, uniq_bai_suzhen
Spider:1: spiders_nest_a, spiders_nest_spider_trap, uniq_louise
Spider:2: layout_chambers, nicolae_spider_nook, uniq_jorgrun
Spider:3: layout_spider_delve, drop_trap
Spider:4: spider_rune_water, uniq_kirke
Orc:1:    layout_diamond_mine, serial_shops, shop, nicolae_orc_stony_grotto
Orc:2:    grunt_orc_tribal_feast, layout_caves, serial_shops, shop,
          minmay_orc_temple_b, uniq_urug
Elf:1:    eino_elf_arrival_sip, layout_gridlike, serial_shops, shop, shop, shop,
          shop, shop, orc_legates, uniq_frances
Elf:2:    layout_geoelf_octagon, ebering_ghost_reflecting_pool, st_stairs_11
Elf:3:    minmay_elf_hall_four_x, layout_loops_cross, grunt_megastairs_4
Vaults:1: ontoclasm_vaults_ring_large, st_cells, ontoclasm_vaults_ring_square,
          ontoclasm_vaults_loading_screen, hangedman_vaults_stream,
          vaults_dpeg_encased_lava, v_rooms_4, nicolae_vaults_border_crossing,
          layout_vaults_maze_snakey, serial_shops, shop,
          portal_desolation_entry_salt
Vaults:2: nicolae_vaults_bisected_exclaves, vaults_dpeg_spiral,
          hangedman_vaults_maws, v_rooms_4, nicolae_vaults_little_squares_2,
          nicolae_vaults_mini_display_case, nicolae_vaults_statue_guard,
          minmay_crypt_entry_necro_gods, ontoclasm_vaults_eye,
          vaults_standard_mumra_x, serial_ice_h, layout_vaults_big_room,
          serial_shops, bzr_entry_safe, nicolae_shop_trees, shop, shop_statue,
          nicolae_shop_competitors_out_of_business, uniq_saint_roka
Vaults:3: v_pattern_2, vaults_standard_mumra_lines, gammafunk_dig_for_victory,
          vaults_mumra_hexcomb, dpeg_vaults_monster_box, grunt_vaults_twisty,
          grunt_vaults_diagonal, nicolae_vaults_three_branches,
          grunt_vaults_hallway_long, layout_vaults_omnibox, serial_shops, shop
Vaults:4: nicolae_vaults_puzzle_piece, vaults_mumra_minichess_inversion,
          grunt_vaults_funnel, v_misc_5, ontoclasm_vaults_chip,
          vaults_dpeg_ring, v_misc_17, v_misc_24, nicolae_vaults_alarming,
          layout_vaults_omnigrid, serial_shops, nicolae_shop_window_shopping,
          uniq_frederick, uniq_margery
Vaults:5: uniq_boris
Depths:1: layout_cave_shapes, grunt_metal_band, ashenzari_altar_1,
          minmay_gold_behind_fungi, brannock_guarded_unrand_thermic_engine,
          grunt_megastairs_2
Depths:2: hangedman_cross_stitches, layout_gridville, enter_ziggurat_f,
          pf_coc_iceberg, tso_altar, minmay_staircase_windowed_large,
          uniq_asterion
Depths:3: cell_vault, layout_honeycomb, minmay_misc_feat_columns,
          rand_demon_pan_entry_7, pf_hell_entry_tar_spiral,
          grunt_decor_arrowhead, uniq_mara
Depths:4: box_level_dp, abyss_entry, pan_entry, hell_entry
Depths:5: grunt_zot_entry_bicorn, layout_gridlike, pan_entry,
          minmay_misc_feat_tower, grunt_hell_entry_dis_grunt, grunt_decor_cap,
          lemuel_statue_altar

Skill      XL: |  1  2  3  4  5  6  7  8  9 10 11 12 13 14 15 16 17 18 19 20 21 22 23 24 |
---------------+-------------------------------------------------------------------------+-----
Staves         | 4 5 6 8 9 11 13 14 15 16 17 18 19 20 | 20.3
Invocations    | 3 7 8 9 10 11 12 13 14 15 | 15.6
Fighting       | 3 6 8 10 11 12 13 14 15 16 17 18 | 18.9
Dodging        | 4 8 11 12 13 15 16 17 18 19 20 | 20.4
Evocations     | 2 4 7 9 |  9.0
Armour         | 5 7 9 10 11 12 13 14 15 16 17 18 | 18.1
Bows           | 2 5 7 8 11 13 14 15 16 18 19 20 | 20.0
Stealth        | 4 8 |  8.6
Spellcasting   | 1 3 |  3.5
Translocations | 1 3 |  3.9
Throwing       | |  2.0

Action                   |  1- 3 |  4- 6 |  7- 9 | 10-12 | 13-15 | 16-18 | 19-21 | 22-24 || total
-------------------------+-------+-------+-------+-------+-------+-------+-------+-------++-------
Melee: Quarterstaff      |    57 |   110 |   284 |   140 |    14 |    11 |       |       ||   616
       Headbutt          |    16 |    27 |    58 |    91 |   170 |   303 |   322 |   186 ||  1173
       Lajatang          |       |       |       |   296 |   756 |   966 |  1004 |   526 ||  3548
 Fire: Shortbow          |       |       |       |    24 |    91 |       |       |       ||   115
       Longbow           |       |       |       |       |    88 |    86 |   174 |   228 ||   576
 Cast: Blink             |       |       |       |       |       |     2 |     2 |     3 ||     7
Invok: Animate Remains   |       |       |     5 |       |       |       |       |       ||     5
       Recall Undead Sla |       |       |     1 |     1 |     7 |     9 |     8 |     6 ||    32
       Animate Dead      |       |       |       |    19 |   114 |   118 |   144 |    64 ||   459
       Drain Life        |       |       |       |       |     6 |     5 |     7 |    12 ||    30
       Injury Mirror     |       |       |       |       |     1 |     3 |       |     1 ||     5
       Enslave Soul      |       |       |       |       |     1 |     1 |     1 |       ||     3
       Stop Recall       |       |       |       |       |       |       |     3 |       ||     3
 Abil: Evoke Invisibilit |       |       |       |       |     1 |       |       |       ||     1
Evoke: Wand              |       |       |       |     2 |     4 |       |     1 |     1 ||     8
       Condenser vane    |       |       |       |     1 |     1 |     1 |     1 |     2 ||     6
       Lightning rod     |       |       |       |       |       |     2 |       |     1 ||     3
  Use: Scroll            |       |    11 |    10 |     8 |     8 |    15 |     8 |    13 ||    73
       Potion            |       |     1 |     2 |     1 |     6 |     2 |       |    11 ||    23
 Stab: Distracted        |       |       |     1 |       |    15 |    15 |    41 |    12 ||    84
       Sleeping          |       |       |       |       |    21 |    57 |    39 |     9 ||   126
       Paralysed         |       |       |       |       |     1 |     4 |     5 |       ||    10
Armor: Leather armour    |    14 |    16 |       |       |       |       |       |       ||    30
       Ring mail         |       |     7 |    99 |   108 |    51 |       |       |       ||   265
       Swamp dragon scal |       |       |       |       |   148 |   193 |       |       ||   341
       Acid dragon scale |       |       |       |       |    15 |       |       |       ||    15
       Fire dragon scale |       |       |       |       |       |    83 |   325 |   243 ||   651
Dodge: Dodged            |    27 |    62 |   149 |   308 |   958 |  1109 |  1071 |   668 ||  4352
Block: Other             |       |       |       |       |       |    65 |   191 |   136 ||   392
       Reflection        |       |       |       |       |       |     9 |     7 |     9 ||    25

Table legend: (Time is in decaauts)
 A = Elapsed time spent in this place.
 B = Non-inter-level travel time spent in this place.
 C = Inter-level travel time spent in this place.
 D = Time resting spent in this place.
 E = Time spent auto-exploring this place.
 F = Levels seen in this place.
 G = Mean time per level.
                   A        B        C        D        E       F      G
               +--------+--------+--------+--------+--------+-----+--------+
         Total |  79146 |  74076 |   5070 |  35496 |  23622 |  50 | 1582.9 |
       Dungeon |  20720 |  18615 |   2105 |   7001 |   8371 |  15 | 1381.3 |
          Lair |   8436 |   7486 |    950 |   2188 |   3861 |   6 | 1406.0 |
        Shoals |   7853 |   7629 |    224 |   4309 |   1494 |   4 | 1963.2 |
   Spider Nest |   5986 |   5728 |    258 |   2592 |   1915 |   4 | 1496.5 |
  Orcish Mines |   1924 |   1648 |    276 |    561 |    758 |   2 |  962.0 |
   Elven Halls |   8644 |   8408 |    236 |   5277 |   1382 |   3 | 2881.3 |
        Vaults |  10906 |  10149 |    757 |   5278 |   2877 |   5 | 2181.2 |
        Depths |  12929 |  12667 |    262 |   7594 |   2886 |   5 | 2585.8 |
         Abyss |   1375 |   1375 |      0 |    692 |     74 |   4 |  343.8 |
        Bazaar |    296 |    296 |      0 |      0 |      0 |   1 |  296.0 |
         Trove |     72 |     72 |      0 |      0 |      0 |   1 |   72.0 |
               +--------+--------+--------+--------+--------+-----+--------+

Top non-repeatable levels by time:
   Elf:3: 4334 daAuts
Vaults:4: 3594 daAuts
Vaults:3: 3500 daAuts
    D:15: 3380 daAuts
Depths:3: 3106 daAuts
Shoals:1: 3071 daAuts
   Elf:2: 2848 daAuts
Depths:4: 2731 daAuts
Depths:2: 2513 daAuts
Depths:5: 2444 daAuts
Vaults:2: 2408 daAuts
  Lair:3: 2184 daAuts
Depths:1: 2134 daAuts
    D:13: 2065 daAuts
Shoals:2: 2013 daAuts
